Map: Catalyst LE

Players

Neeb - Winner!

  • Race: Protoss Protoss
  • Spawn Location: 11:00

Nice

  • Race: Protoss Protoss
  • Spawn Location: 5:00

Event: WCS Austin 2018

VOD

Have the link to the VOD?

Description

Time

  • Played on: June 1, 2018, 10:06 p.m.
  • Length: 8:37

All games in this series

Show
View Real Time Build Order
Export as new Build Order

Neeb Protoss - Winner!

Build Orders:  

Get SALT Encoding   

  12  0:00  Probe  
  13  0:12  Probe  
  14  0:17  Pylon  
  14  0:23  Probe  
  15  0:32  Probe  
  15  0:38  Gateway  
  15  0:40  Probe  
  16  0:48  Assimilator  
  17  0:51  Probe  
  17  0:56  Assimilator  
  18  0:59  Probe  
  19  1:08  Probe  
  19  1:10  Gateway  
  20  1:19  Probe  
  21  1:26  Cybernetics Core  
  21  1:31  Probe  
  22  1:38  Pylon  
  22  1:43  Probe  
  23  1:56  Probe  
  23  2:03  Stalker  
  23  2:04  Sentry, Warp Gate  
  23  2:08  Probe  
  28  2:16  Pylon  
  28  2:20  Probe  
  29  2:30  Stalker  
  29  2:34  Stalker  
  33  2:54  Nexus  
  33  3:03  Stalker  
  35  3:07  Sentry  
  37  3:12  Shield Battery  
  37  3:19  Pylon  
  37  3:21  Probe  
  38  3:29  Shield Battery  
  38  3:36  Probe  
  38  3:49  Robotics Facility  
  37  3:56  Shield Battery  
  37  3:57  Shield Battery  
  37  4:08  Stalker x2  
  37  4:09  Probe  
  42  4:13  Probe  
  43  4:21  Probe  
  44  4:24  Probe  
  44  4:29  Probe  
  45  4:31  Stalker  
  45  4:36  Probe  
  49  4:38  Probe  
  49  4:42  Observer  
  51  4:46  Probe  
  51  4:49  Probe  
  51  4:52  Stalker  
  55  4:58  Sentry  
  58  5:01  Forge  
  56  5:10  Probe  
  56  5:13  Probe  
  54  5:18  Probe  
  53  5:21  Adept  
  53  5:22  Adept  
  53  5:25  Probe  
  53  5:27  Probe  
  59  5:33  Protoss Ground Weapons Level 1  
  60  5:37  Probe  
  60  5:39  Probe  
  62  5:49  Probe  
  61  5:51  Probe  
  61  5:52  Pylon  
  61  5:53  Pylon  
  61  5:54  Twilight Council  
  62  6:02  Assimilator  
  62  6:03  Assimilator  
  62  6:04  Immortal  
  62  6:06  Probe  
  62  6:10  Probe  
  64  6:17  Probe  
  68  6:23  Probe  
  68  6:29  Probe  
  68  6:30  Gateway  
  68  6:31  Gateway  
  67  6:35  Probe  
  66  6:41  Probe  
  66  6:45  Immortal  
  71  6:47  Probe  
  71  6:49  Pylon  
  71  6:53  Probe  
  73  6:59  Gateway  
  73  7:03  Gateway  
  73  7:13  Stalker x2  
  73  7:15  Pylon  
  77  7:16  Probe  
  79  7:25  Pylon  
  79  7:26  Immortal  
  82  7:33  Stalker x2  
  86  7:40  Stalker  
  84  7:44  Stalker  
  78  7:54  Shield Battery  
  68  8:00  Stalker x3  
  72  8:10  Stalker x2  
  72  8:11  Stalker  
  74  8:25  Stalker  
  74  8:26  Stalker x2  
Show
View Real Time Build Order
Export as new Build Order

Nice Protoss 

Build Orders: Oracle Opening 

Get SALT Encoding   

  12  0:00  Probe  
  13  0:12  Probe  
  14  0:17  Pylon  
  14  0:23  Probe  
  15  0:31  Probe  
  15  0:39  Gateway  
  15  0:40  Probe  
  16  0:49  Assimilator  
  17  0:51  Probe  
  17  0:55  Assimilator  
  18  1:00  Probe  
  19  1:08  Gateway, Probe  
  19  1:17  Probe  
  21  1:26  Cybernetics Core  
  21  1:30  Probe  
  22  1:37  Pylon  
  22  1:42  Probe  
  23  1:55  Probe  
  23  1:56  Warp Gate  
  24  2:02  Stalker x2  
  28  2:13  Pylon  
  28  2:32  Stalker x2  
  32  2:38  Stargate  
  31  3:02  Stalker x2  
  35  3:14  Pylon  
  35  3:17  Oracle  
  38  3:47  Oracle, Nexus  
  38  3:48  Probe  
  42  4:00  Probe  
  41  4:12  Probe  
  41  4:13  Adept x2  
  47  4:24  Probe  
  47  4:38  Robotics Facility  
  47  4:42  Twilight Council  
  47  4:46  Pylon  
  47  4:59  Probe  
  48  5:01  Probe  
  49  5:09  Probe  
  49  5:12  Probe  
  46  5:17  Probe  
  46  5:18  Resonating Glaives  
  46  5:20  Probe  
  48  5:25  Probe  
  48  5:26  Immortal  
  53  5:30  Probe  
  53  5:34  Pylon  
  55  5:38  Probe  
  55  5:42  Probe  
  57  5:50  Probe  
  57  5:52  Gateway  
  57  5:55  Gateway  
  58  5:57  Gateway  
  58  5:59  Gateway  
  58  6:02  Gateway  
  58  6:05  Observer  
  58  6:07  Pylon  
  57  6:15  Adept x2  
  57  6:17  Warp Prism  
  60  6:21  Probe x2  
  60  6:33  Probe x2  
  60  6:39  Sentry x2  
  66  6:41  Pylon  
  66  6:45  Pylon, Probe  
  67  6:50  Pylon  
  67  7:01  Adept x4  
  75  7:17  Pylon  
  75  7:21  Adept x3  
  75  7:22  Adept x2  
  85  7:24  Adept  
  87  7:37  Warp Prism  
  55  8:00  Adept x4  
  55  8:01  Adept x3  
  61  8:26  Adept x3  
  61  8:27  Adept  
Tags
 
Add a new tag
Caveats
  • Supply blocks, unpowered buildings, or Contaminate may cause inaccurate times.
  • Supply counts are checked every 10 seconds.